AoeStats
← Antonio

Black Forest

510262611Analyzed
4v4 RM · 18h ago on Sep 30, 2026· 107m 46s· 8 players
Game mode
Random Map
Map size
Large (8 player)
Population
200
Speed
Normal
Resources
Standard
Victory
Conquest
Starting age
Dark Age
Ending age
Imperial Age
RankedLock teamsTeams togetherTeam positionsShared explorationLock speedFull tech treeHidden civsTurbo modeCheats
Victory
Defeat
🇺🇸 Saxons · United States
718
+16
🇳🇿 Shu · New Zealand
658
+19
🇰🇪 Khmer · Kenya
593
+21
🇺🇸 Chinese · United States
555
+23
🇨🇳 Bohemians · China
806
-23
🇦🇷 Teutons · Argentina
797
-22
🇨🇳 Bengalis · China
741
-21
🇨🇳 Turks · China
539
-13
SilverTigre
12:45 Feudal Age
15:05 Double-Bit Axe
15:34 Horse Collar
21:08 Castle Age
22:38 Bow Saw
23:44 Heavy Plow
25:48 Wheelbarrow
25:01 Loom
26:25 Forging
30:23 Squires
29:44 Pikeman
30:10 Gambesons
30:11 Arson
29:53 Man-at-Arms
31:41 Thumb Ring
30:58 Elite Skirmisher
34:22 Imperial Age
32:42 Murder Holes
33:08 Ballistics
32:15 Long Swordsman
33:06 Gold Mining
33:49 Caravan
36:27 Crop Rotation
35:26 Elite Varangian Guard
35:34 Crossbowman
39:04 Two-Man Saw
38:24 Hand Cart
38:48 Block Printing
40:08 Gold Shaft Mining
41:15 Conscription
40:23 Elite Hearth Troop
42:27 Chemistry
41:43 Town Watch
41:49 Shield Wall
42:12 Two-Handed Swordsman
43:17 Town Patrol
44:18 Champion
45:37 Iron Casting
45:03 Scale Mail Armor
45:04 Heated Shot
45:37 Onager
46:12 Light Cavalry
47:02 Bloodlines
46:53 Husbandry
47:02 Scale Barding Armor
47:27 Hussar
48:37 Chain Barding Armor
48:08 Fletching
50:11 Chain Mail Armor
49:52 Bodkin Arrow
49:23 Arbalester
52:35 Bracer
53:06 Plate Mail Armor
52:37 Padded Archer Armor
52:47 Siege Engineers
52:55 Masonry
52:57 Fortified Wall
55:21 Architecture
54:21 Clerical Recruitment
55:47 Leather Archer Armor
56:03 Pikeman
56:35 Halberdier
62:52 Ring Archer Armor
61:49 Cranequins
61:49 Heavy Mounted Crossbowman
72:32 Treadmill Crane
72:44 Guard Tower
72:42 Arrowslits
85:38 Keep
MordorQva
13:06 Feudal Age
14:43 Double-Bit Axe
19:59 Castle Age
20:05 Wheelbarrow
23:57 Padded Archer Armor
24:38 Gold Mining
25:43 Bow Saw
25:24 Horse Collar
27:35 Gold Shaft Mining
26:51 Stone Mining
29:17 Caravan
30:57 Stone Shaft Mining
30:39 Hand Cart
32:15 Heavy Plow
33:04 Fletching
33:29 Leather Archer Armor
34:41 Loom
38:02 Imperial Age
36:10 Ballistics
35:45 Guard Tower
36:49 Town Watch
37:40 Great Wall
39:50 Chemistry
38:35 Arrowslits
38:43 Heavy Rocket Cart
39:23 Bodkin Arrow
39:59 Ring Archer Armor
40:35 Rocketry
40:36 Elite Chu Ko Nu
41:42 Conscription
40:53 Pikeman
41:34 Squires
42:08 Bombard Tower
43:27 Two-Man Saw
42:44 Bracer
42:45 Scale Mail Armor
42:56 Forging
46:02 Thumb Ring
45:48 Halberdier
46:15 Arson
48:24 Town Patrol
51:26 Chain Mail Armor
51:46 Iron Casting
58:41 Plate Mail Armor
59:12 Blast Furnace
58:17 Scale Barding Armor
74:54 Chain Barding Armor
75:30 Cavalier
76:11 Husbandry
76:22 Bloodlines
95:37 Heavy Scorpion
102:05 Plate Barding Armor
101:37 Heated Shot
102:25 Keep
102:05 Masonry
101:59 Murder Holes
Zace
0:41 Loom
13:58 Feudal Age
14:45 Double-Bit Axe
14:43 Horse Collar
14:57 Gold Mining
15:01 Stone Mining
18:55 Wheelbarrow
25:18 Castle Age
24:17 Fletching
24:38 Forging
24:28 Scale Mail Armor
24:29 Padded Archer Armor
25:51 Scale Barding Armor
26:13 Pikeman
26:54 Squires
27:13 Hand Cart
27:02 Bodkin Arrow
27:23 Leather Archer Armor
28:48 Heavy Plow
29:00 Bow Saw
30:54 Gold Shaft Mining
31:11 Chain Mail Armor
31:17 Chain Barding Armor
30:35 Crossbowman
31:20 Thumb Ring
31:06 Arson
33:51 Coiled Serpent Array
34:01 Caravan
34:20 Fortified Wall
36:34 Murder Holes
36:20 Treadmill Crane
36:51 Masonry
40:46 Imperial Age
39:04 Guard Tower
41:59 Bolt Magazine
41:23 Elite White Feather Guard
42:13 Arbalester
42:57 Town Watch
44:18 Husbandry
44:48 Halberdier
46:01 Plate Mail Armor
46:58 Conscription
47:16 Hoardings
46:46 Bracer
49:52 Ring Archer Armor
49:58 Plate Barding Armor
50:28 Chemistry
49:59 Arrowslits
50:10 Heavy Hei Guang Cavalry
52:35 Ballistics
52:47 Architecture
53:15 Guilds
64:43 Capped Ram
65:36 Siege Ram
71:48 Two-Man Saw
82:18 Siege Engineers
97:05 Man-at-Arms
97:31 Gambesons
jorh.choxxy
0:55 Loom
16:51 Feudal Age
18:13 Town Watch
25:06 Castle Age
23:21 Horse Collar
23:38 Double-Bit Axe
25:19 Wheelbarrow
28:38 Town Patrol
30:54 Fortified Wall
34:31 Caravan
38:12 Imperial Age
36:04 Husbandry
37:55 Bloodlines
37:07 Light Cavalry
39:12 Hand Cart
38:26 Crossbowman
39:34 Murder Holes
40:41 Chemistry
41:13 Bow Saw
42:56 Double Crossbow
42:58 Tusk Swords
44:09 Scale Barding Armor
44:06 Scale Mail Armor
44:12 Elite Skirmisher
44:55 Hussar
48:25 Forging
51:46 Elite Ballista Elephant
52:07 Capped Ram
54:33 Onager
56:30 Heavy Scorpion
73:42 Cavalier
74:53 Pikeman
75:20 Arson
79:29 Halberdier
79:30 Man-at-Arms
94:53 Elite Battle Elephant
98:40 Long Swordsman
105:57 Chain Mail Armor
107:14 Chain Barding Armor
107:31 Iron Casting
Master Noob
10:50 Feudal Age
12:52 Double-Bit Axe
15:17 Castle Age
13:44 Horse Collar
18:53 Wheelbarrow
21:03 Bow Saw
22:20 Hand Cart
23:44 Gold Mining
23:44 Stone Mining
24:47 Heavy Plow
25:40 Stone Shaft Mining
30:39 Imperial Age
29:01 Caravan
30:50 Loom
30:50 Town Watch
31:43 Crenellations
32:01 Hoardings
31:47 Conscription
31:19 Fletching
31:41 Forging
31:31 Scale Mail Armor
31:36 Scale Barding Armor
31:30 Onager
33:24 Two-Man Saw
32:57 Crop Rotation
32:29 Bodkin Arrow
32:43 Scale Barding Armor
32:38 Scale Mail Armor
34:01 Iron Casting
33:52 Siege Onager
34:34 Squires
34:20 Gambesons
34:21 Arson
35:32 Coinage
35:13 Guilds
37:54 Blast Furnace
37:14 Chain Barding Armor
37:09 Chain Mail Armor
36:56 Padded Archer Armor
38:49 Chemistry
37:55 Siege Engineers
38:00 Masonry
38:00 Fortified Wall
38:11 Ballistics
39:32 Pikeman
40:52 Plate Barding Armor
42:39 Plate Mail Armor
42:24 Leather Archer Armor
43:30 Halberdier
44:44 Bombard Tower
45:00 Ring Archer Armor
48:54 Banking
52:11 Ironclad
51:13 Elite Teutonic Knight
54:23 Cavalier
55:14 Bloodlines
56:20 Paladin
65:36 Town Patrol
90:57 Devotion
91:18 Heresy
91:20 Sanctity
91:11 Fervor
94:51 Sappers
无语
5:03 Loom
14:09 Feudal Age
15:49 Double-Bit Axe
18:31 Castle Age
16:47 Horse Collar
20:52 Bow Saw
21:03 Heavy Plow
21:34 Caravan
26:07 Wheelbarrow
28:24 Hand Cart
29:52 Town Watch
32:50 Imperial Age
31:53 Chemistry
31:00 Padded Archer Armor
30:50 Fletching
31:42 Ballistics
31:42 Forging
31:32 Scale Mail Armor
34:07 Coinage
33:48 Guilds
34:48 Two-Man Saw
33:17 Houfnice
35:36 Conscription
35:22 Wagenburg Tactics
34:40 Pikeman
35:25 Squires
35:52 Halberdier
36:18 Arson
39:14 Banking
39:11 Bodkin Arrow
39:31 Leather Archer Armor
39:11 Bodkin Arrow
39:33 Chain Mail Armor
39:53 Iron Casting
40:57 Man-at-Arms
41:02 Heavy Scorpion
44:35 Heavy Scorpion
46:22 Siege Engineers
46:29 Fortified Wall
46:32 Masonry
46:20 Murder Holes
49:16 Long Swordsman
50:36 Plate Mail Armor
51:06 Blast Furnace
50:36 Plate Mail Armor
51:06 Blast Furnace
50:07 Bracer
50:37 Ring Archer Armor
50:47 Two-Handed Swordsman
51:25 Champion
52:12 Devotion
52:10 Herbal Medicine
54:46 Architecture
54:02 Arrowslits
56:52 Scale Barding Armor
56:25 Spies/Treason
57:12 Hussite Reforms
56:40 Sappers
57:49 Guard Tower
58:23 Bombard Tower
64:13 Onager
69:03 Elite Hussite Wagon
BALALAS
0:32 Loom
16:00 Feudal Age
22:06 Castle Age
30:21 Double-Bit Axe
30:20 Horse Collar
32:17 Wheelbarrow
34:18 Gold Mining
34:20 Stone Mining
34:28 Stone Mining
35:53 Ballistics
35:46 Fortified Wall
35:46 Masonry
37:11 Paiks
38:05 Hand Cart
37:35 Town Watch
39:32 Gold Shaft Mining
39:46 Bow Saw
39:41 Heavy Plow
40:00 Fletching
40:11 Padded Archer Armor
40:14 Town Patrol
42:31 Caravan
43:12 Coinage
45:30 Imperial Age
43:09 Bodkin Arrow
43:29 Leather Archer Armor
45:36 Murder Holes
45:35 Guard Tower
45:36 Heated Shot
45:34 Siege Elephant
46:56 Architecture
47:28 Chemistry
46:33 Siege Engineers
46:14 Arrowslits
47:23 Conscription
48:48 Two-Man Saw
47:31 Elite Ratha (Ranged)
49:18 Crop Rotation
50:59 Keep
50:31 Bracer
51:02 Ring Archer Armor
62:16 Banking
61:59 Guilds
66:01 Forging
65:51 Scale Mail Armor
65:57 Scale Barding Armor
68:32 Husbandry
68:42 Bloodlines
67:53 Elite Battle Elephant
71:45 Mahayana
71:51 Chain Barding Armor
71:47 Chain Mail Armor
72:07 Iron Casting
75:10 Plate Barding Armor
78:20 Blast Furnace
86:21 Onager
86:22 Heavy Scorpion
87:56 Spies/Treason
Antonio
2:39 Loom
13:16 Feudal Age
14:14 Horse Collar
16:45 Castle Age
14:39 Double-Bit Axe
18:25 Bow Saw
18:52 Wheelbarrow
18:20 Heavy Plow
26:38 Gold Mining
26:39 Stone Mining
27:49 Hand Cart
27:19 Town Watch
28:25 Gold Shaft Mining
33:48 Imperial Age
33:14 Caravan
33:44 Coinage
34:11 Padded Archer Armor
34:24 Masonry
35:31 Two-Man Saw
34:35 Murder Holes
34:02 Elite Janissary
35:04 Conscription
34:45 Artillery
35:05 Sipahi
35:25 Hoardings
36:02 Banking
35:43 Guilds
35:47 Capped Ram
38:56 Leather Archer Armor
43:09 Town Patrol
43:45 Ring Archer Armor
43:26 Forging
43:16 Scale Mail Armor
43:21 Scale Barding Armor
43:06 Fletching
43:49 Architecture
43:09 Treadmill Crane
43:42 Fortified Wall
43:18 Arrowslits
43:54 Bombard Tower
43:55 Ballistics
43:29 Guard Tower
63:47 Chain Barding Armor
63:42 Chain Mail Armor
64:02 Iron Casting
63:22 Bodkin Arrow
77:12 Spies/Treason
77:22 Sappers
87:24 Plate Mail Armor
87:54 Blast Furnace
87:24 Plate Mail Armor
87:29 Plate Barding Armor
87:55 Blast Furnace
87:25 Plate Mail Armor
87:30 Plate Barding Armor
87:55 Blast Furnace
86:55 Bracer
Connection lost

Rejoining the realm…

Still unreachable

The connection could not be restored.

Session expired

The server has moved on; the page needs a fresh start.